 Dungeon Crawl Stone Soup version 0.29-a0-384-g6960b1960d (webtiles) character file.

Game seed: 6486776483628103514

2511 pokeman the Thaumaturge (level 9, 0/48 HPs)
             Began as a Deep Elf Hedge Wizard on May 6, 2022.
             Killed from afar by a gargoyle (14 damage)
             ... with a stone arrow
             ... in a bailey.
             The game lasted 00:19:14 (7820 turns).

pokeman the Thaumaturge (Deep Elf Hedge Wizard)     Turns: 7820, Time: 00:19:15

Health: 0/48       AC:  7    Str:  7    XL:     9   Next: 28%
Magic:  20/26      EV: 13    Int: 24    God:
Gold:   255        SH:  5    Dex: 22    Spells: 14/30 levels left

rFire   . . .      SeeInvis .   p - +9 spear of Darkness {pain, *Rage rElec Will- Dex+8}
rCold   + . .      Faith    .   (no shield)
rNeg    . . .      Spirit   .   F - +2 leather armour {rC+}
rPois   .          Reflect  +   c - +0 hat
rElec   +          Harm     .   z - +0 cloak
rCorr   +          Rampage  .   (no gloves)
Will    .....      Rage     20% i - +0 pair of boots
Stlth   +++.......              h - amulet of reflection
HPRegen 0.16/turn               u - ring of resist corrosion
MPRegen 0.20/turn               q - ring of flight

@: flying
A: no striking features
a: no special abilities


You were in a bailey.
You visited 1 branch of the dungeon, and saw 7 of its levels.
You also visited: Bailey.

You collected 255 gold pieces.

Inventory:

Hand Weapons
 p - the +9 spear of Darkness (weapon) {pain, *Rage rElec Will- Dex+8}
   (You found it on level 7 of the Dungeon)

   In the hands of one skilled in necromantic magic, it inflicts extra damage on
   living creatures.
   Dex:       It affects your dexterity (+8).
   rElec:     It insulates you from electricity.
   *Rage:     It berserks you when you make melee attacks (+20% chance).
   Will:      It decreases your willpower.
 y - a +2 dagger of venom
 A - a +0 hand crossbow
Armour
 c - a +0 hat (worn)
 i - a +0 pair of boots (worn)
 z - a +0 cloak (worn)
 F - a +2 leather armour of cold resistance (worn)
Magical Staves
 v - a staff of earth
Jewellery
 f - an amulet of the acrobat
 h - an amulet of reflection (around neck)
 q - a ring of flight (right hand)
 u - a ring of resist corrosion (left hand)
Wands
 E - a wand of acid (8)
Scrolls
 a - a scroll of fog {unknown}
 e - a scroll of enchant weapon {unknown}
 j - a scroll of fear {unknown}
 l - 3 scrolls of teleportation {unknown}
 m - a scroll of poison {unknown}
 n - 4 scrolls of noise {unknown}
 r - 2 scrolls of silence {unknown}
 s - 3 scrolls of amnesia {unknown}
 w - 2 scrolls of immolation {unknown}
 x - 6 scrolls of identify {unknown}
 C - a scroll of magic mapping {unknown}
 G - a scroll of blinking {unknown}
Potions
 b - a potion of heal wounds {unknown}
 d - a potion of magic
 g - 3 potions of invisibility {unknown}
 k - 3 potions of attraction {unknown}
 o - 3 potions of curing {unknown}
 t - 3 potions of flight {unknown}
 B - 2 potions of haste {unknown}
 D - a potion of ambrosia {unknown}


   Skills:
 - Level 2.0 Fighting
 - Level 2.0 Armour
 - Level 3.1 Dodging
 - Level 3.1 Stealth
 + Level 2.6 Shields
 * Level 11.3 Spellcasting
 + Level 6.1 Conjurations
 - Level 1.1 Summonings
 + Level 0.1 Necromancy
 - Level 1.1 Translocations
 + Level 4.6 Fire Magic
 - Level 1.2 Air Magic
 - Level 1.0 Earth Magic
 - Level 1.4 Poison Magic
 - Level 1.2 Evocations


You had 14 spell levels left.
You knew the following spells:

 Your Spells              Type           Power      Damage    Failure   Level
a - Magic Dart            Conj           100%       1d8       1%          1
b - Mephitic Cloud        Conj/Pois/Air  27%        N/A       6%          3
c - Call Imp              Summ           18%        N/A       6%          2
d - Blink                 Tloc           36%        N/A       6%          2
e - Conjure Flame         Conj/Fire      39%        6-21      2%          3
f - Foxfire               Conj/Fire      100%       2x1d9     1%          1
g - Flame Wave            Conj/Fire      39%        2d9       8%          4

Your spell library contained the following spells:

 Spells                   Type           Power      Damage    Failure   Level
 Apportation              Tloc           36%        N/A       4%          1
 Summon Small Mammal      Summ           72%        N/A       4%          1
 Animate Skeleton         Necr           28%        N/A       6%          1
 Slow                     Hex            52%        N/A       7%          1
 Inner Flame              Hex/Fire       24%        N/A       8%          3


Dungeon Overview and Level Annotations

Branches:
Dungeon (7/15)             Bailey (1/1)
 Temple: D:4-7

Altars:
Cheibriados
Fedhas

Shops:
D:7 *


Message History

You see here a +0 spear.
A gargoyle comes into view. It is wielding a +0 mace.
Unknown command.
Unknown command.
Unknown command.
Okay, then.
Unknown command.
Unknown command.
Casting: Foxfire (safe; 1% risk of failure)
Confirm with . or Enter, or press ? or * to list all spells.
You conjure some foxfire!
Your foxfire dissipates!
The gargoyle hurls a stone arrow at you.
The stone arrow hits you!
You start resting.
A gargoyle is nearby!
The gargoyle hurls a stone arrow at you.
The stone arrow misses you.
The gargoyle hurls a stone arrow at you.
The stone arrow hits you!
Casting: Foxfire (safe; 1% risk of failure)
Confirm with . or Enter, or press ? or * to list all spells.
Casting: Flame Wave (dangerous; 8% risk of failure)
Press: ? - help, Dir - look around, f - activate A wave of flame ripples out!
The flame wave engulfs the gargoyle!
The gargoyle is moderately damaged. (Press . to intensify the flame waves.)
The gargoyle barely misses you.
Unknown command.
A wave of flame ripples out!
The flame wave engulfs the gargoyle.
The gargoyle is heavily damaged.
The gargoyle hits you with a +0 mace.
* * * LOW HITPOINT WARNING * * *
Unknown command.
A wave of flame ripples out!
The flame wave engulfs the gargoyle!
The gargoyle is almost destroyed.
You finish channelling waves of flame.
The gargoyle hurls a stone arrow at you.
The stone arrow hits you!
You die...

....#######......#....#
.#### +..'....))'...)#
## #..###)'######## +
#..).#))...8#.8# #
#....#......#..# #
######......#..# #
.....##)..#..# #
....##....#§9# #
.....#..@.##..# +
.♣..##..9##...# # ...
##...9..8# ##....###
#...## #..## #..# #..+
#..+


You could see a gargoyle.

Vanquished Creatures
  A water moccasin (D:5)
  An ice beast (D:6)
  2 ogres (D:5)
  A phantom (D:4)
  A kobold brigand (D:6)
  2 necrophages
  2 bullfrogs
  2 scorpions
  9 wights (D:6)
  An electric eel (D:6)
  6 vampire bats (Bailey)
  7 wolf zombies (Bailey)
  2 hounds
  3 jellies
  3 iguanas
  2 orc wizards
  4 gnolls (D:5)
  7 adders
  3 white imps (D:6)
  3 ufetubi
  2 worms
  3 dart slugs
  7 orcs
  2 bats (D:1)
  4 endoplasms
  2 giant cockroaches (D:1)
  7 goblins
  4 hobgoblins
  2 jackals (D:1)
  3 quokkas
  9 ball pythons
  7 frilled lizards
  9 kobolds
  11 orc zombies (Bailey)
  6 rats
140 creatures vanquished.

Vanquished Creatures (collateral kills)
  A scorpion (D:5)
  A foxfire (Bailey)
2 creatures vanquished.

Vanquished Creatures (others)
  276 foxfires
  A fungus (D:6)
277 creatures vanquished.

Grand Total: 419 creatures vanquished

Notes
Turn   | Place    | Note
-------+----------+-------------------------------------------
     0 | D:1      | pokeman the Deep Elf Hedge Wizard began the quest for the
                  | Orb.
     0 | D:1      | Reached XP level 1. HP: 10/10 MP: 7/7
   219 | D:1      | Reached XP level 2. HP: 15/15 MP: 4/9
   724 | D:1      | Reached skill level 5 in Spellcasting
   912 | D:1      | Reached XP level 3. HP: 20/20 MP: 7/11
   916 | D:1      | Learned a level 3 spell: Mephitic Cloud
   919 | D:1      | Learned a level 2 spell: Call Imp
   922 | D:1      | Learned a level 2 spell: Blink
   926 | D:1      | Learned a level 3 spell: Conjure Flame
  1751 | D:2      | Reached skill level 1 in Fighting
  1867 | D:2      | Reached skill level 1 in Armour
  2634 | D:3      | Reached XP level 4. HP: 23/25 MP: 6/13
  2862 | D:3      | Found a faded altar of an unknown god.
  2867 | D:3      | Found a snail-covered altar of Cheibriados.
  3132 | D:4      | Noticed a phantom
  3325 | D:4      | Killed a phantom
  3326 | D:4      | Reached skill level 1 in Shields
  3326 | D:4      | Reached skill level 6 in Spellcasting
  3326 | D:4      | Reached XP level 5. HP: 28/29 MP: 0/15
  3563 | D:4      | Reached skill level 1 in Fire Magic
  3891 | D:4      | Reached skill level 1 in Air Magic
  3891 | D:4      | Reached XP level 6. HP: 24/34 MP: 1/17
  4060 | D:4      | Reached skill level 7 in Spellcasting
  4060 | D:4      | Reached skill level 1 in Earth Magic
  4624 | D:5      | Entered Level 5 of the Dungeon
  4624 | D:5      | Noticed a water moccasin
  4633 | D:5      | Killed a water moccasin
  4634 | D:5      | Reached skill level 1 in Poison Magic
  4634 | D:5      | Reached skill level 1 in Evocations
  4648 | D:5      | Reached XP level 7. HP: 2/38 MP: 4/20
  5078 | D:5      | Learned a level 1 spell: Foxfire
  5083 | D:5      | Learned a level 4 spell: Flame Wave
  5124 | D:5      | Reached skill level 8 in Spellcasting
  5168 | D:5      | Found a blossoming altar of Fedhas.
  5630 | D:6      | Reached XP level 8. HP: 43/44 MP: 15/22
  5636 | D:6      | Reached skill level 9 in Spellcasting
  5912 | D:6      | Reached skill level 5 in Conjurations
  6096 | D:6      | Reached skill level 10 in Spellcasting
  6959 | D:7      | Found Iraivubb's Gadget Gallery.
  7023 | D:7      | Found a flagged portal.
  7031 | D:7      | Reached XP level 9. HP: 48/48 MP: 22/25
  7033 | D:7      | Identified the +9 spear of Darkness {pain, *Rage rElec
                  | Will- Dex+8}
  7039 | Bailey   | Entered a bailey
  7240 | Bailey   | Reached skill level 11 in Spellcasting
  7802 | Bailey   | Noticed a gargoyle
  7820 | Bailey   | Killed from afar by a gargoyle

Illustrated notes

Levels and vault maps discovered:
D:1:      doesnt_arrival_eight_statues, layout_loops_cross
D:2:      layout_loops_cross
D:3:      layout_rooms, nicolae_overflow_ecumenical_swirl
D:4:      layout_gridville, minivault_5
D:5:      layout_rooms, kennysheep_mini
D:6:      layout_basic, minivault_14, dreamdust_mushroom_princess
D:7:      layout_loops_cross, minmay_temple_entry_purple_smoke, serial_shops,
          nicolae_shop_behind_doors, enter_bailey_2, nicolae_shop_gadgets,
          uniq_crazy_yiuf_cottage
Bailey:   bailey_polearm_vampire_castle_hellmonk, bailey

Skill      XL: |  1  2  3  4  5  6  7  8  9 |
---------------+----------------------------+-----
Spellcasting   | 5 6 7 8 10 11 | 11.3
Fighting       | 1 2 |  2.0
Conjurations   | 2 3 4 5 6 |  6.1
Armour         | 1 2 |  2.0
Dodging        | 3 |  3.1
Shields        | 1 2 |  2.6
Fire Magic     | 1 2 4 |  4.6
Air Magic      | 1 |  1.2
Earth Magic    | 1 |  1.0
Poison Magic   | 1 |  1.4
Evocations     | 1 |  1.2
Stealth        | 3 |  3.1
Summonings     | |  1.1
Necromancy     | |  0.1
Translocations | |  1.1

Action                   |  1- 3 |  4- 6 |  7- 9 || total
-------------------------+-------+-------+-------++-------
Melee: Dagger            |    18 |    19 |    15 ||    52
       Punch             |       |     2 |     1 ||     3
 Fire: Hand crossbow     |       |       |    59 ||    59
 Cast: Magic Dart        |   115 |    80 |    17 ||   212
       Blink             |       |     4 |     2 ||     6
       Call Imp          |       |     3 |       ||     3
       Mephitic Cloud    |       |     3 |     5 ||     8
       Conjure Flame     |       |     2 |    15 ||    17
       Foxfire           |       |       |   155 ||   155
       Flame Wave        |       |       |     3 ||     3
 Stab: Confused          |       |     4 |     2 ||     6
Armor: Robe              |     9 |       |       ||     9
       Leather armour    |       |    12 |    15 ||    27
Dodge: Dodged            |    10 |    13 |    23 ||    46
Block: Other             |     5 |     7 |    14 ||    26
       Reflection        |     1 |       |     1 ||     2

Table legend: (Time is in decaauts)
 A = Elapsed time spent in this place.
 B = Non-inter-level travel time spent in this place.
 C = Inter-level travel time spent in this place.
 D = Time resting spent in this place.
 E = Time spent auto-exploring this place.
 F = Levels seen in this place.
 G = Mean time per level.
                   A        B        C        D        E       F      G
               +--------+--------+--------+--------+--------+-----+--------+
         Total |   7850 |   7703 |    147 |    610 |   5747 |   8 |  981.2 |
       Dungeon |   7067 |   6920 |    147 |    400 |   5388 |   7 | 1009.6 |
        Bailey |    782 |    782 |      0 |    210 |    359 |   1 |  782.0 |
               +--------+--------+--------+--------+--------+-----+--------+

Top non-repeatable levels by time:
     D:4: 1520 daAuts
     D:6: 1419 daAuts
     D:1: 1394 daAuts
     D:3: 944 daAuts
     D:5: 921 daAuts
  Bailey: 782 daAuts
     D:2: 764 daAuts
     D:7: 103 daAuts
